 Dungeon Crawl Stone Soup version 0.31.0-7-gf635a9b802 (webtiles) character file.

Game seed: 16770684853016275886

196985 Arcadio the Marksgnoll (level 18, -12/144 HPs)
             Began as a Gnoll Hunter on Jan 23, 2024.
             Was the Champion of Cheibriados.
             Mangled by an alligator snapping turtle (37 damage)
             ... on level 4 of the Shoals.
             The game lasted 02:18:03 (38346 turns).

Arcadio the Marksgnoll (Gnoll Hunter)              Turns: 38346, Time: 02:18:04

Health: -12/144    AC: 24    Str: 31    XL:     18   Next: 49%
Magic:  35/43      EV: 26    Int: 26    God:    Cheibriados [******]
Gold:   2709       SH: 12    Dex: 34    Spells: 12/42 levels left

rFire   + . .        b - +6 rapier "Efoimmyroi" {venom, rPois rCorr Str+3 Stlth+}
rCold   + + .        T - +2 buckler
rNeg    + . .        x - +7 Kryia's mail coat {PotionHeal*2 rC+}
rPois   +            c - -2 hat of the Alchemist {rElec rPois rF+ rC+ rN+ Will+ rMut rCorr}
rElec   +            U - +2 cloak {Will+}
rCorr   +            X - +1 pair of gloves
SInv    .            (no boots)
Will    +++..        Y - amulet of magic regeneration
Stlth   ++++++       R - +4 ring of protection
HPRegen 0.44/turn    P - ring of magical power
MPRegen 0.68/turn

%: resist mutation
@: slightly contaminated, very slow
A: fangs 1, strong nose, distributed training, antennae 1, electricity
resistance, MP-powered wands
a: Renounce Religion, Bend Time, Temporal Distortion, Slouch, Step From Time


You were on level 4 of the Shoals.
You worshipped Cheibriados.
Cheibriados was exalted by your worship.
You visited 5 branches of the dungeon, and saw 30 of its levels.
You also visited: Sewer, Ossuary and Bailey.

You collected 4260 gold pieces.
You spent 1551 gold pieces at shops.

Inventory:

Hand Weapons
 a - the +3 sling "Paqyavag" {heavy, Int+3}
   (You found it on level 8 of the Dungeon)

   Int+3:     It affects your intelligence (+3).
 b - the +6 rapier "Efoimmyroi" (weapon) {venom, rPois rCorr Str+3 Stlth+}
   (You found it on level 2 of the Lair of Beasts)

   Str+3:     It affects your strength (+3).
   rPois:     It protects you from poison rCorr: It protects you from acid and
   corrosion.
   Stlth+:    It makes you more stealthy.
Armour
 c - the -2 hat of the Alchemist (worn) {rElec rPois rF+ rC+ rN+ Will+ rMut rCorr}
   (You bought it in a shop on level 3 of the Dungeon)

   rF+:       It protects you from fire.
   rC+:       It protects you from cold.
   rElec:     It insulates you from electricity.
   rPois:     It protects you from poison rN+: It protects you from negative
   energy.
   Will+:     It increases your willpower.
   rCorr:     It protects you from acid and corrosion.
   rMut:      It protects you from mutation.
 x - the +7 Kryia's mail coat (worn) {PotionHeal*2 rC+}
   (You bought it in a shop on level 5 of the Dungeon)

   PotionHeal*2: Potions heal its wearer twice as much.
   rC+:       It protects you from cold.
 T - a +2 buckler (worn)
 U - a +2 cloak of willpower (worn)
 X - a +1 pair of gloves (worn)
Jewellery
 l - a ring of wizardry
 t - a ring of magical power
 C - a ring of see invisible
 P - a ring of magical power (right hand)
 Q - a ring of flight
 R - a +4 ring of protection (left hand)
 S - a ring of ice
 V - a ring of positive energy
 Y - an amulet of magic regeneration (around neck)
Wands
 e - a wand of quicksilver (3)
 f - a wand of polymorph (19)
 q - a wand of digging (17)
 z - a wand of iceblast (17)
 A - a wand of charming (21)
 H - a wand of flame (12)
Scrolls
 g - 5 scrolls of amnesia
 h - 8 scrolls of enchant weapon
 i - 6 scrolls of vulnerability
 j - 13 scrolls of teleportation
 k - 4 scrolls of enchant armour
 s - 4 scrolls of blinking
 u - 2 scrolls of silence {unknown}
 v - 4 scrolls of fog
 y - 2 scrolls of revelation
 B - 2 scrolls of brand weapon
 D - 3 scrolls of immolation
 E - a scroll of butterflies
 J - 2 scrolls of poison {unknown}
 L - 2 scrolls of fear {unknown}
Potions
 d - 9 potions of lignification
 m - 6 potions of curing
 n - 4 potions of berserk rage
 o - 3 potions of invisibility
 p - 8 potions of attraction
 w - 3 potions of mutation
 G - 4 potions of brilliance
 I - 11 potions of ambrosia
 K - 2 potions of cancellation
 M - 6 potions of resistance
 W - 2 potions of magic
 Z - 2 potions of enlightenment
Miscellaneous
 r - a lightning rod (4/4)
 O - a phial of floods


   Skills:
 + Level 13.6 Fighting
 + Level 12.8 Short Blades
 + Level 12.8 Long Blades
 + Level 12.8 Axes
 + Level 12.8 Maces & Flails
 + Level 12.8 Polearms
 + Level 12.8 Staves
 + Level 15.1 Ranged Weapons
 + Level 12.8 Throwing
 + Level 12.8 Armour
 + Level 13.6 Dodging
 + Level 13.0 Stealth
 + Level 12.8 Shields
 + Level 12.8 Unarmed Combat
 + Level 12.8 Spellcasting
 + Level 10.9 Conjurations
 + Level 10.9 Hexes
 + Level 10.9 Summonings
 + Level 10.9 Necromancy
 + Level 10.9 Translocations
 + Level 10.9 Fire Magic
 + Level 10.9 Ice Magic
 + Level 10.9 Air Magic
 + Level 10.9 Earth Magic
 + Level 10.9 Alchemy
 + Level 13.9 Invocations
 + Level 12.8 Evocations
 + Level 11.8 Shapeshifting


You had 12 spell levels left.
You knew the following spells:

 Your Spells              Type           Power      Damage    Failure   Level
a - Irradiate             Conj/Alch      32%        3d22      1%          5
b - Frozen Ramparts       Ice            100%       1d16      1%          3
c - Leda's Liquefaction   Alch/Erth      32%        N/A       1%          4
d - Flame Wave            Conj/Fire      65%        2d15      1%          4
e - Sticky Flame          Fire/Alch      65%        2d11      1%          4
f - Vampiric Draining     Necr           65%        2d10      1%          3
g - Blink                 Tloc           100%       N/A       1%          2
h - Metabolic Englaciati  Hex/Ice        32%        N/A       1%          5

Your spell library contained the following spells:

 Spells                   Type           Power      Damage    Failure   Level
 Kiss of Death            Conj/Necr      100%       2d13      1%          1
 Magic Dart               Conj           100%       1d8       1%          1
 Slow                     Hex            100%       N/A       1%          1
 Call Imp                 Summ           100%       N/A       1%          2
 Ensorcelled Hibernation  Hex/Ice        100%       N/A       1%          2
 Jinxbite                 Hex            100%       N/A       1%          2
 Lesser Beckoning         Tloc           100%       N/A       1%          2
 Momentum Strike          Conj/Tloc      100%       3d10      1%          2
 Confusing Touch          Hex            65%        N/A       1%          3
 Gell's Gravitas          Tloc           65%        N/A       1%          3
 Inner Flame              Hex/Fire       65%        N/A       1%          3
 Passwall                 Erth           65%        N/A       1%          3
 Sigil of Binding         Hex            65%        N/A       1%          3
 Summon Ice Beast         Ice/Summ       65%        N/A       1%          3
 Swiftness                Air            65%        N/A       1%          3
 Teleport Other           Tloc           65%        N/A       1%          3
 Dispel Undead            Necr           65%        3d22      1%          4
 Petrify                  Alch/Erth      65%        N/A       1%          4
 Summon Blazeheart Golem  Fire/Summ      65%        N/A       1%          4
 Vhi's Electric Charge    Tloc/Air       100%       N/A       1%          4
 Lee's Rapid Deconstruct  Erth           32%        3d17*     1%          5
 Bombard                  Conj/Erth      32%        9d6       11%         6
 Dispersal                Tloc           32%        N/A       11%         6
 Ignition                 Fire           32%        3d10      99%         8
 Chain Lightning          Conj/Air       32%        3d43      100%        9


Dungeon Overview and Level Annotations

Branches:
Dungeon (15/15)            Temple (0/1) D:7            Lair (5/5) D:9
 Shoals (4/4) Lair:3       Spider (4/4) Lair:3        Slime (0/5) Lair:4
    Orc (2/2) D:9             Elf (0/3) Orc:2        Vaults (0/5) D:13
 Depths (0/4) D:15          Sewer (visited)         Ossuary (visited)
 Bailey (visited)

Altars:
Cheibriados
Dithmenos
Gozag
Makhleb
Nemelex Xobeh
Okawaru
Qazlal
Uskayaw
Vehumet
Wu Jian
The Shining One

Shops:
D:3 [   D:5 [   D:12 *[   Orc:1 [   Orc:2 [(**

Annotations:
Shoals:4 1 exclusion
Spider:4 1 exclusion


Innate Abilities, Weirdness & Mutations

You have very sharp teeth.
Your uncanny sense of smell can sniff out nearby items.
Your experience applies equally to all skills.
You have a pair of small antennae on your head.
You are resistant to electric shocks. (rElec)
You expend magic power (3 MP) to strengthen your wands.


Message History

You block the daeva's attack. x2
The alligator snapping turtle closely misses you.
Casting: Irradiate (mildly dangerous; 1% risk of failure)
Confirm with . or Enter, or press ? or * to list all spells.
Casting: Frozen Ramparts (safe; 1% risk of failure)
Press: ? - help, Dir - look around, f - activate This square is lit by a halo.
Okay, then.
Unknown command.
You feel stronger.
The +6 rapier "Efoimmyroi" {venom, rPois rCorr Str+3 Stlth+} begins to drip with poison!
b - the +6 rapier "Efoimmyroi" (weapon)
{venom, rPois rCorr Str+3 Stlth+} You impale the daeva!!
The daeva is almost dead.
The daeva hits you with a +5 scimitar of holy wrath.
You block the daeva's attack.
You puncture the daeva!
You kill the daeva!
Cheibriados appreciates the change of pace.
The alligator snapping turtle completely misses you.
You block the alligator snapping turtle's attack.
Things that are here:
a +5 scimitar of holy wrath; a +0 tower shield You hit the alligator snapping turtle but do no damage.
The alligator snapping turtle is poisoned.
The alligator snapping turtle misses you.
You hit the alligator snapping turtle.
The alligator snapping turtle looks as sick as possible!
The alligator snapping turtle is lightly wounded.
The cherub's human head shouts!
You hit the alligator snapping turtle.
The alligator snapping turtle looks as sick as possible!
The alligator snapping turtle is lightly wounded.
The alligator snapping turtle bites you!!
* * * LOW HITPOINT WARNING * * *
The cherub unwields a +4 scimitar of flaming.
It stops flaming.
The cherub wields a +0 shortbow.
The cherub shoots an arrow.
You block the arrow.
The alligator snapping turtle bites you from afar!!!
You die...

~~~≈~~~[...~(~~~~~....P.~~.≈≈≈≈
..~~~##~~.##....~.......~~.≈≈≈≈
##P. ##~≈~##...##........~~~≈≈≈
## ..≈≈≈~..###.........~~~≈≈≈
#..≈≈≈~.##..........~~~~≈≈≈
#.~≈≈≈~~#.<..........~~~≈≈≈
#P~≈≈≈~.##.............~.≈≈
#.~~≈≈≈~P#..÷.....#'#.~~.≈≈
..~≈≈≈~.#@.....###[###~~≈≈
.~~≈≈≈~t)[...|##.....##~≈≈
..~≈≈≈~.....P.#.).....#m~≈
~.~≈≈≈~......##.......##~≈
~.~≈≈≈~.#....#..8...8..#
..≈≈≈~~.#..†.#..##_##..#
~.≈≈≈..~###..#...###...#
~~≈≈≈..~~ .~.##.......##
~≈≈≈~..A..~~..#.....(.#


You could see an alligator snapping turtle (extremely poisoned).

Vanquished Creatures
  Rupert (D:13)
  Jorgrun (Spider:1)
  Polyphemus (Shoals:3)
  Gastronok (Lair:1)
  A daeva (Shoals:4)
  7 emperor scorpions
  Louise (D:14)
  3 ghost moths
  An orc warlord (Orc:2)
  A broodmother (Spider:4)
  Nessos (D:13)
  2 spark wasps
  An ettin (D:15)
  2 merfolk javelineers (Shoals:3)
  5 entropy weavers
  A yaktaur captain (D:13)
  4 merfolk impalers
  3 hydras
  An ogre mage (D:11)
  3 boulder beetles
  3 catoblepae
  2 jorogumos (Spider:2)
  3 centaur warriors
  5 merfolk aquamancers
  6 two-headed ogres
  4 radroaches
  2 alligator snapping turtles (Shoals:3)
  2 tengu warriors (D:15)
  10 death yaks
  8 death scarabs (Spider:4)
  An orc high priest (Orc:2)
  9 demonic crawlers
  Urug (Lair:1)
  2 occultists (D:15)
  Sonja (Lair:1)
  Nergalle (Orc:1)
  Amaemon (D:10)
  10 pharaoh ants
  6 skysharks
  8 orb spiders
  6 sea snakes
  2 sun moths
  2 lindwurms (Lair:4)
  A spectral wolf spider (Spider:4)
  2 spectral jorogumos (Spider:4)
  8 steelbarb worms
  3 necromancers (D:15)
  5 deep elf pyromancers
  2 orc sorcerers (Orc:2)
  5 orc knights
  9 harpies
  24 wolf spiders
  An ugly thing (D:8)
  A wolf spider zombie (Spider:4)
  6 moths of wrath
  Maurice (D:11)
  3 cyclopes
  2 manticores
  11 elephants (Lair:4)
  5 fauns
  6 merfolk sirens
  6 kobold blastminers
  3 meliai (D:13)
  7 torpor snails
  Joseph (D:8)
  4 water nymphs
  4 gargoyles
  An orange demon (D:10)
  2 black mambas
  11 cane toads
  An unseen horror (D:13)
  2 rime drakes
  2 efreet
  Maggie (D:7)
  7 komodo dragons
  5 yaktaurs (D:15)
  A redback zombie (Spider:4)
  2 spectral redbacks (Spider:4)
  2 kobold demonologists
  Psyche (D:8)
  A queen bee (Lair:2)
  17 merfolk
  7 trolls
  2 spectral culicivoras (Spider:4)
  3 spectral jumping spiders (Spider:4)
  A wolf spider simulacrum (D:15)
  A spectral tarantella (Spider:4)
  A tarantella zombie (Spider:4)
  14 blink frogs
  A culicivora zombie (Spider:4)
  10 dream sheep
  37 tarantellas
  A jumping spider zombie (Spider:4)
  5 snapping turtles
  20 jumping spiders
  A vampire (D:9)
  6 water elementals
  21 culicivoras
  5 wyverns
  A wraith (D:11)
  18 yaks
  Grum (D:11)
  6 humans (Bailey)
  7 basilisks
  4 wargs
  64 redbacks
  4 vampire mosquitoes (D:13)
  8 water moccasins
  40 orc warriors
  A black bear (D:6)
  6 laughing skulls
  6 sky beasts
  2 ice beasts
  A crocodile (Sewer)
  7 ogres
  17 wolves
  17 centaurs
  A phantom (D:7)
  8 kobold brigands
  18 bullfrogs
  3 scorpions
  7 wights
  34 killer bees
  An electric eel (D:15)
  6 howler monkeys
  8 bullfrog zombies (Ossuary)
  4 bombardier beetles
  4 gnoll boudas
  7 hounds
  19 orc priests
  3 mummies (Ossuary)
  An iguana (D:6)
  24 orc wizards
  5 hell rats (Lair:5)
  4 crocodile zombies (Ossuary)
  2 hound zombies (Ossuary)
  5 howler monkey zombies (Ossuary)
  19 gnolls
  14 adders
  4 river rats
  6 white imps
  3 dart slugs
  5 ribbon worms
  92 orcs
  3 bats
  9 endoplasms
  A giant cockroach (D:2)
  7 goblins
  9 hobgoblins
  5 jackals
  30 kobolds
  7 quokkas
  5 ball pythons
  3 ball python zombies (Ossuary)
  4 frilled lizards
  8 rats
1056 creatures vanquished.

Vanquished Creatures (others)
  A centaur (Lair:3)
1 creature vanquished.

Grand Total: 1057 creatures vanquished

Notes
Turn   | Place    | Note
-------+----------+-------------------------------------------
     0 | D:1      | Arcadio the Gnoll Hunter began the quest for the Orb.
     0 | D:1      | Reached XP level 1. HP: 20/20 MP: 1/1
   115 | D:1      | Reached XP level 2. HP: 26/26 MP: 2/2
   317 | D:1      | Reached XP level 3. HP: 31/31 MP: 3/3
   771 | D:2      | Reached skill level 1 in Invocations
   824 | D:2      | Reached skill level 1 in Short Blades
   824 | D:2      | Reached skill level 1 in Long Blades
   824 | D:2      | Reached skill level 1 in Axes
   824 | D:2      | Reached skill level 1 in Maces & Flails
   824 | D:2      | Reached skill level 1 in Polearms
   824 | D:2      | Reached skill level 1 in Staves
   824 | D:2      | Reached skill level 1 in Throwing
   824 | D:2      | Reached skill level 1 in Armour
   824 | D:2      | Reached skill level 1 in Shields
   824 | D:2      | Reached skill level 1 in Unarmed Combat
   824 | D:2      | Reached skill level 1 in Spellcasting
   824 | D:2      | Reached skill level 1 in Evocations
   825 | D:2      | Reached skill level 1 in Shapeshifting
   825 | D:2      | Reached XP level 4. HP: 20/38 MP: 5/5
  1167 | D:2      | Reached skill level 1 in Conjurations
  1167 | D:2      | Reached skill level 1 in Hexes
  1167 | D:2      | Reached skill level 1 in Summonings
  1167 | D:2      | Reached skill level 1 in Necromancy
  1167 | D:2      | Reached skill level 1 in Translocations
  1167 | D:2      | Reached skill level 1 in Fire Magic
  1167 | D:2      | Reached skill level 1 in Ice Magic
  1167 | D:2      | Reached skill level 1 in Air Magic
  1167 | D:2      | Reached skill level 1 in Earth Magic
  1167 | D:2      | Reached skill level 1 in Alchemy
  1447 | D:3      | Found Xynluonk's Armour Shop.
  1501 | D:3      | Found a sparkling altar of Nemelex Xobeh.
  1566 | D:3      | Found a snail-covered altar of Cheibriados.
  1574 | D:3      | Became a worshipper of Cheibriados the Contemplative
  1748 | D:4      | Reached XP level 5. HP: 43/43 MP: 7/7
  1855 | D:4      | Found a shadowy altar of Dithmenos.
  1974 | D:4      | Found an opulent altar of Gozag.
  2059 | D:4      | Identified the +4 hand axe of Counid {heavy, rElec rC+
                  | Dex+2}
  2075 | D:4      | Found a burning altar of Makhleb.
  3009 | D:5      | Entered Level 5 of the Dungeon
  3022 | D:5      | Reached * piety under Cheibriados
  3026 | D:5      | Reached XP level 6. HP: 49/50 MP: 8/8
  3038 | D:5      | Reached skill level 5 in Fighting
  3038 | D:5      | Reached skill level 5 in Dodging
  3294 | D:5      | Found an ornate altar of the Wu Jian Council.
  3326 | D:5      | Reached XP level 7. HP: 11/56 MP: 10/10
  3345 | D:5      | Found a sand-covered staircase.
  3363 | Ossuary  | Entered an ossuary
  3532 | Ossuary  | Reached ** piety under Cheibriados
  3568 | Ossuary  | Reached skill level 9 in Ranged Weapons
  3973 | Ossuary  | Reached XP level 8. HP: 63/63 MP: 12/12
  4220 | D:5      | Found Ongin's Armour Boutique.
  4756 | D:6      | Reached *** piety under Cheibriados
  4784 | D:6      | Found a glowing drain.
  4791 | Sewer    | Entered a sewer
  4795 | Sewer    | Learned a level 2 spell: Blink
  4799 | Sewer    | Learned a level 3 spell: Frozen Ramparts
  5572 | D:6      | Reached XP level 9. HP: 61/69 MP: 10/14
  5676 | D:6      | Reached **** piety under Cheibriados
  5876 | D:6      | Reached skill level 5 in Stealth
  6446 | D:7      | Noticed Maggie
  6447 | D:7      | Found a staircase to the Ecumenical Temple.
  6492 | D:7      | Found a flagged portal.
  6518 | D:7      | Reached skill level 5 in Invocations
  6527 | Bailey   | Entered a bailey
  6912 | Bailey   | Reached ***** piety under Cheibriados
  6946 | Bailey   | Learned a level 4 spell: Leda's Liquefaction
  6951 | Bailey   | Learned a level 4 spell: Flame Wave
  6956 | Bailey   | Learned a level 4 spell: Sticky Flame
  6978 | Bailey   | Reached skill level 5 in Short Blades
  6978 | Bailey   | Reached skill level 5 in Long Blades
  6978 | Bailey   | Reached skill level 5 in Axes
  6978 | Bailey   | Reached skill level 5 in Maces & Flails
  6978 | Bailey   | Reached skill level 5 in Polearms
  6978 | Bailey   | Reached skill level 5 in Staves
  6978 | Bailey   | Reached skill level 5 in Throwing
  6978 | Bailey   | Reached skill level 5 in Armour
  6978 | Bailey   | Reached skill level 5 in Shields
  6978 | Bailey   | Reached skill level 5 in Unarmed Combat
  6978 | Bailey   | Reached skill level 5 in Spellcasting
  6978 | Bailey   | Reached skill level 5 in Evocations
  6978 | Bailey   | Reached XP level 10. HP: 77/77 MP: 13/17
  6987 | Bailey   | Noticed a vault guard
  6987 | Bailey   | Noticed Prince Ribbit
  6996 | Bailey   | Noticed a vault guard
  7037 | Bailey   | Reached skill level 10 in Ranged Weapons
  7615 | D:7      | Found a hide-covered altar of Uskayaw.
  7622 | D:7      | Found a radiant altar of Vehumet.
  7743 | D:7      | Found an iron altar of Okawaru.
  7874 | D:7      | Found a stormy altar of Qazlal.
  8009 | D:7      | Killed Maggie
  8099 | D:8      | Reached skill level 5 in Shapeshifting
  8329 | D:8      | Identified the +3 sling "Paqyavag" {heavy, Int+3}
  8385 | D:8      | Noticed Psyche
  8390 | D:8      | Killed Psyche
  8460 | D:8      | Noticed Joseph
  8468 | D:8      | Noticed a purple ugly thing
  8775 | D:8      | Killed a purple ugly thing
  9275 | D:9      | Found a staircase to the Orcish Mines.
  9355 | D:9      | Learned a level 3 spell: Vampiric Draining
  9447 | D:9      | Found a staircase to the Lair.
  9469 | D:9      | Reached skill level 5 in Conjurations
  9469 | D:9      | Reached skill level 5 in Hexes
  9469 | D:9      | Reached skill level 5 in Summonings
  9469 | D:9      | Reached skill level 5 in Necromancy
  9469 | D:9      | Reached skill level 5 in Translocations
  9469 | D:9      | Reached skill level 5 in Fire Magic
  9469 | D:9      | Reached skill level 5 in Ice Magic
  9469 | D:9      | Reached skill level 5 in Air Magic
  9469 | D:9      | Reached skill level 5 in Earth Magic
  9469 | D:9      | Reached skill level 5 in Alchemy
  9483 | D:9      | Reached ****** piety under Cheibriados
  9495 | D:9      | Reached XP level 11. HP: 79/85 MP: 20/20
  9574 | Lair:1   | Entered Level 1 of the Lair of Beasts
 10534 | Lair:1   | Noticed Urug
 10550 | Lair:1   | Killed Urug
 10753 | Lair:1   | Identified the +6 hand axe of Arbitration {protect, rPois}
 10853 | Lair:1   | Noticed Sonja
 10863 | Lair:1   | Killed Sonja
 10870 | Lair:1   | Reached skill level 11 in Ranged Weapons
 11036 | Lair:2   | Noticed Gastronok
 11055 | Lair:1   | Killed Gastronok
 11138 | Lair:2   | Reached XP level 12. HP: 94/94 MP: 22/22
 11312 | Lair:2   | Learned a level 5 spell: Irradiate
 11420 | Lair:2   | Identified the +6 rapier "Efoimmyroi" {venom, rPois rCorr
                  | Str+3 Stlth+}
 11616 | Lair:4   | Noticed a catoblepas
 11746 | Lair:4   | Noticed a skyshark
 11753 | Lair:4   | Killed a skyshark
 11767 | Lair:5   | Entered Level 5 of the Lair of Beasts
 12098 | Lair:4   | Killed a catoblepas
 12301 | Lair:4   | Found a staircase to the Slime Pits.
 12323 | Lair:4   | Noticed a skyshark
 12334 | Lair:4   | Killed a skyshark
 12480 | Lair:4   | Noticed a death yak
 12487 | Lair:4   | Killed a death yak
 12488 | Lair:4   | Reached XP level 13. HP: 101/101 MP: 14/25
 12588 | Lair:4   | Gained mutation: You occasionally lose the ability to read
                  | scrolls when taking damage. [mutagenic glow]
 13209 | Lair:4   | Reached skill level 12 in Ranged Weapons
 13285 | Lair:4   | Found a snail-covered altar of Cheibriados.
 14188 | Lair:1   | Reached skill level 10 in Fighting
 14188 | Lair:1   | Reached skill level 10 in Dodging
 15532 | Lair:3   | Reached XP level 14. HP: 110/110 MP: 27/27
 15634 | Lair:3   | Found a staircase to the Shoals.
 15672 | Lair:3   | Reached skill level 10 in Invocations
 15716 | Shoals:1 | Entered Level 1 of the Shoals
 15753 | Lair:3   | Identified the +6 scale mail "Bilicwump" {rF+ Stlth+}
 15790 | Lair:3   | Found a hole to the Spider Nest.
 15798 | Spider:1 | Entered Level 1 of the Spider Nest
 16443 | Orc:1    | Entered Level 1 of the Orcish Mines
 16515 | Orc:1    | You fall into a shaft and drop 1 floor!
 16515 | Orc:2    | Entered Level 2 of the Orcish Mines
 16575 | Orc:1    | Found Lufemmiwk's Armour Shop.
 16596 | Orc:1    | Noticed Nergalle
 16606 | Orc:1    | Killed Nergalle
 16716 | Orc:1    | Lost mutation: You occasionally lose the ability to read
                  | scrolls when taking damage. [potion of mutation]
 16716 | Orc:1    | Gained mutation: You do not regenerate when monsters are
                  | visible. [potion of mutation]
 16716 | Orc:1    | Gained mutation: Your muscles are strong. (Str +4, Int/Dex
                  | -1) [potion of mutation]
 16717 | Orc:1    | Lost mutation: You do not regenerate when monsters are
                  | visible. [potion of mutation]
 16717 | Orc:1    | Lost mutation: Your muscles are strong. (Str +4, Int/Dex
                  | -1) [potion of mutation]
 16717 | Orc:1    | Gained mutation: You expend magic power (3 MP) to
                  | strengthen your wands. [potion of mutation]
 16717 | Orc:1    | Gained mutation: You are resistant to electric shocks.
                  | (rElec) [potion of mutation]
 16902 | D:3      | Bought the -2 hat of the Alchemist {rElec rPois rF+ rC+ rN+
                  | Will+ rMut rCorr} for 566 gold pieces
 16902 | D:3      | Found the -2 hat of the Alchemist {rElec rPois rF+ rC+ rN+
                  | Will+ rMut rCorr}
 17367 | Orc:2    | Found a staircase to the Elven Halls.
 17769 | Orc:2    | Found Kiezxod's Assorted Antiques.
 17874 | Orc:2    | Found Syoklow's Assorted Antiques.
 17897 | Orc:2    | Bought a triangular filigree amulet for 175 gold pieces
 18238 | Orc:2    | Noticed an orc warlord
 18254 | Orc:2    | Killed an orc warlord
 18270 | Orc:2    | Gained mutation: You occasionally lose the ability to read
                  | scrolls when taking damage. [mutagenic glow]
 18293 | Orc:2    | Found Doraol's Antique Armour Boutique.
 18378 | Orc:2    | Found Demis's Antique Weapon Shop.
 18390 | Orc:2    | Bought a pair of runed boots for 210 gold pieces
 18681 | Orc:2    | Reached skill level 10 in Stealth
 19129 | D:5      | Bought the +7 Kryia's mail coat {PotionHeal*2 rC+} for 600
                  | gold pieces
 19129 | D:5      | Found the +7 Kryia's mail coat {PotionHeal*2 rC+}
 19218 | D:8      | Killed Joseph
 19624 | D:10     | Entered Level 10 of the Dungeon
 20126 | D:10     | Noticed Amaemon
 20136 | D:10     | Killed Amaemon
 20579 | D:11     | Noticed Grum
 20601 | D:11     | Killed Grum
 20646 | D:11     | Noticed Maurice
 20650 | D:11     | Killed Maurice
 20736 | D:11     | Reached skill level 10 in Short Blades
 20736 | D:11     | Reached skill level 10 in Long Blades
 20736 | D:11     | Reached skill level 10 in Axes
 20736 | D:11     | Reached skill level 10 in Maces & Flails
 20736 | D:11     | Reached skill level 10 in Polearms
 20736 | D:11     | Reached skill level 10 in Staves
 20736 | D:11     | Reached skill level 10 in Throwing
 20736 | D:11     | Reached skill level 10 in Armour
 20736 | D:11     | Reached skill level 10 in Shields
 20736 | D:11     | Reached skill level 10 in Unarmed Combat
 20736 | D:11     | Reached skill level 10 in Spellcasting
 20736 | D:11     | Reached skill level 10 in Evocations
 21143 | D:12     | Reached skill level 13 in Ranged Weapons
 21176 | D:12     | Identified the +0 chain mail "Wunk" {Str+4}
 21361 | D:12     | Found Ciptum's Pet Rocks.
 21374 | D:12     | Reached XP level 15. HP: 99/118 MP: 29/29
 21537 | D:12     | Found Gajes's Antique Armour Boutique.
 21874 | D:13     | Noticed Nessos
 21887 | D:13     | Killed Nessos
 21911 | D:13     | Gained mutation: You have a pair of small antennae on your
                  | head. [mutagenic glow]
 22393 | D:13     | Found a gate to the Vaults.
 22689 | D:13     | Got Ipronich's Grimoire of Battling and Curses
 22806 | D:13     | Noticed Rupert
 22819 | D:13     | Killed Rupert
 23537 | D:14     | Noticed Louise
 23541 | D:14     | Killed Louise
 24323 | D:15     | Entered Level 15 of the Dungeon
 25229 | D:15     | Found a staircase to the Depths.
 25551 | D:15     | Found an opulent altar of Gozag.
 25778 | D:15     | Learned a level 5 spell: Metabolic Englaciation
 26195 | Spider:1 | Noticed an emperor scorpion
 26446 | Spider:4 | Entered Level 4 of the Spider Nest
 26472 | Spider:4 | Reached skill level 10 in Shapeshifting
 26486 | Spider:4 | Killed a ghost moth
 26505 | Spider:4 | Reached XP level 16. HP: 46/127 MP: 12/30
 27541 | Spider:4 | Reached skill level 14 in Ranged Weapons
 27578 | Spider:4 | Got a milky-white gem with 579 turns to spare
 28009 | Spider:4 | Lost the milky-white gem through the power of Zot.
 28193 | Spider:4 | Identified the +3 robe of the Ancient Thickets {rElec rCorr
                  | Str-5 Int-2}
 28878 | Spider:4 | Gained mutation: You are dopey. (Int -2) [mutagenic glow]
 28918 | Spider:4 | Gained mutation: Your body sometimes deteriorates upon
                  | taking damage. [mutagenic glow]
 29668 | Spider:3 | Reached XP level 17. HP: 130/135 MP: 32/32
 29941 | Spider:3 | Got the Compendium of Amalgamated Gases
 30078 | Spider:3 | Reached skill level 10 in Conjurations
 30078 | Spider:3 | Reached skill level 10 in Hexes
 30078 | Spider:3 | Reached skill level 10 in Summonings
 30078 | Spider:3 | Reached skill level 10 in Necromancy
 30078 | Spider:3 | Reached skill level 10 in Translocations
 30078 | Spider:3 | Reached skill level 10 in Fire Magic
 30078 | Spider:3 | Reached skill level 10 in Ice Magic
 30078 | Spider:3 | Reached skill level 10 in Air Magic
 30078 | Spider:3 | Reached skill level 10 in Earth Magic
 30078 | Spider:3 | Reached skill level 10 in Alchemy
 30740 | Spider:3 | Found a hide-covered altar of Uskayaw.
 31395 | Spider:1 | Lost mutation: Your body sometimes deteriorates upon taking
                  | damage. [potion of mutation]
 31395 | Spider:1 | Lost mutation: You occasionally lose the ability to read
                  | scrolls when taking damage. [potion of mutation]
 33603 | Spider:1 | Noticed Jorgrun
 33620 | Spider:1 | Killed Jorgrun
 34957 | Shoals:1 | Noticed a kraken
 34981 | Shoals:1 | Reached XP level 18. HP: 48/143 MP: 34/34
 35317 | Shoals:2 | Lost mutation: You are dopey. (Int -2) [mutagenic glow]
 35935 | Shoals:2 | You fall into a shaft and drop 1 floor!
 36004 | Shoals:3 | Reached skill level 15 in Ranged Weapons
 37377 | Shoals:4 | Entered Level 4 of the Shoals
 37380 | Shoals:4 | Noticed Polyphemus
 37407 | Shoals:3 | Killed Polyphemus
 37769 | Shoals:4 | Found a glowing golden altar of the Shining One.
 38346 | Shoals:4 | Mangled by an alligator snapping turtle

Illustrated notes

Levels and vault maps discovered:
D:1:      minmay_arrival_four_houses, layout_rooms, chequers_hall_statues_y
D:2:      layout_loops_ring, minmay_nonomino_d4
D:3:      layout_rooms, nemelex_xobeh_ov_fountains_minmay,
          mainiacjoe_overflow_boulevard, serial_shops,
          nicolae_shop_window_shopping
D:4:      layout_layer_cave, mainiacjoe_overflow_surrounded_room,
          grunt_dithmenos_smoke, mainiacjoe_overflow_tiny_flanked,
          dk_vineyard_2, hex_tiny
D:5:      layout_rooms, nicolae_wu_jian_immortal_techniques, serial_shops,
          nicolae_shop_statue_plus, nicolae_ossuary_entry_plus
D:6:      layout_cave_pods, lightli_sewer_entry_pipes
D:7:      layout_rooms, nicolae_overflow_hidden_temple,
          minmay_temple_entry_glassed_door, enter_bailey_2,
          nicolae_kite_square_tiling_tiny, chequers_serial_rivers_room_a,
          uniq_maggie
D:8:      layout_basic, uniq_psyche, uniq_joseph
D:9:      layout_grid_maze, erik_lair_orcish_takeover, orc_0_dummy
D:10:     layout_cave_pools, dreamdust_gnoll_shepherd, uniq_amaemon
D:11:     layout_gridville, uniq_maurice, uniq_grum
D:12:     layout_irregular_city, serial_shops, nicolae_shop_real_fake_doors,
          guppyfry_shop_earth
D:13:     layout_basic, hellmonk_vaults_attempted_burglary, uniq_rupert,
          uniq_nessos
D:14:     layout_roguey [special_room_orc], minmay_misc_feat_tower, uniq_louise
D:15:     hangedman_depths_entry_civil_slaughter, layout_basic,
          nicolae_gozag_cash_rules_everything_around_me, nrook_pool_corridor
Lair:1:   layout_long_grid, st_stairs_6, beast_lair_carwin_6, uniq_urug,
          uniq_sonja
Lair:2:   layout_roguey [special_room_bee], gauntlet_entry_generic,
          nicolae_lair_run_with_the_wolves, grunt_megastairs_5,
          lemuel_fruit_tree, uniq_gastronok
Lair:3:   layout_gridlike, minmay_shoals_entry_centaurs,
          nicolae_spider_entry_lesser_pyramids, chequers_serial_rivers_small_3,
          grunt_forest_stairs_basic
Lair:4:   layout_gridlike, slime_entry_1, st_stairs_7, kennysheep_snail_temple
Lair:5:   cheibrodos_lair_end_hotspot, layout_gridlike,
          hangedman_lair_generics_rect
Shoals:1: layout_shoals, nicolae_shoals_kraken_intersection
Shoals:2: layout_shoals
Shoals:3: layout_shoals, st_sunken_temple
Shoals:4: shoals_end_hellmonk_holy_island, uniq_polyphemus
Spider:1: layout_chambers, uniq_jorgrun
Spider:2: layout_cave_pods, nicolae_spider_bug_shape
Spider:3: layout_spider_delve, nicolae_spider_altar_of_dancing
Spider:4: floodkiller_spider_rune_tomb, hangedman_spider_mandibles
Orc:1:    layout_caves, serial_shops, nicolae_shop_tiny_waterfront,
          uniq_nergalle
Orc:2:    grunt_orc_community_town_hall, layout_diamond_mine,
          grunt_orc_community_big_house_2, grunt_orc_community_big_house_1,
          grunt_orc_community_house_3, grunt_orc_community_house_1,
          grunt_orc_community_house_2, grunt_orc_community_house_3,
          lightli_volcano_entry_magma_tube, nicolae_orc_tapped_out

Skill      XL: |  1  2  3  4  5  6  7  8  9 10 11 12 13 14 15 16 17 18 |
---------------+-------------------------------------------------------+-----
Invocations    | 1 2 3 4 5 6 7 8 9 10 11 12 13 | 13.9
Short Blades   | 1 2 3 5 6 7 8 9 10 11 12 | 12.8
Long Blades    | 1 2 3 5 6 7 8 9 10 11 12 | 12.8
Axes           | 1 2 3 5 6 7 8 9 10 11 12 | 12.8
Maces & Flails | 1 2 3 5 6 7 8 9 10 11 12 | 12.8
Polearms       | 1 2 3 5 6 7 8 9 10 11 12 | 12.8
Staves         | 1 2 3 5 6 7 8 9 10 11 12 | 12.8
Throwing       | 1 2 3 5 6 7 8 9 10 11 12 | 12.8
Armour         | 1 2 3 5 6 7 8 9 10 11 12 | 12.8
Shields        | 1 2 3 5 6 7 8 9 10 11 12 | 12.8
Unarmed Combat | 1 2 3 5 6 7 8 9 10 11 12 | 12.8
Spellcasting   | 1 2 3 5 6 7 8 9 10 11 12 | 12.8
Evocations     | 1 2 3 5 6 7 8 9 10 11 12 | 12.8
Shapeshifting  | 1 2 3 4 5 6 7 8 9 10 11 | 11.8
Conjurations   | 1 2 3 4 5 6 7 8 9 10 | 10.9
Hexes          | 1 2 3 4 5 6 7 8 9 10 | 10.9
Summonings     | 1 2 3 4 5 6 7 8 9 10 | 10.9
Necromancy     | 1 2 3 4 5 6 7 8 9 10 | 10.9
Translocations | 1 2 3 4 5 6 7 8 9 10 | 10.9
Fire Magic     | 1 2 3 4 5 6 7 8 9 10 | 10.9
Ice Magic      | 1 2 3 4 5 6 7 8 9 10 | 10.9
Air Magic      | 1 2 3 4 5 6 7 8 9 10 | 10.9
Earth Magic    | 1 2 3 4 5 6 7 8 9 10 | 10.9
Alchemy        | 1 2 3 4 5 6 7 8 9 10 | 10.9
Stealth        | 3 4 5 6 7 8 9 10 11 12 13 | 13.0
Fighting       | 5 6 7 8 9 10 11 12 13 | 13.6
Dodging        | 5 6 7 8 9 10 11 12 13 | 13.6
Ranged Weapons | 9 10 11 12 13 14 15 | 15.1

Action                     |  1- 3 |  4- 6 |  7- 9 | 10-12 | 13-15 | 16-18 || total
---------------------------+-------+-------+-------+-------+-------+-------++-------
  Melee: Hand axe          |       |       |   120 |       |       |       ||   120
         Bite              |       |       |    34 |    15 |   161 |   278 ||   488
         Punch             |       |       |    11 |     5 |    23 |       ||    39
         Short sword       |       |       |   143 |    41 |       |       ||   184
         Unarmed           |       |       |       |    16 |       |       ||    16
         Rapier            |       |       |       |    35 |   816 |  1397 ||  2248
   Fire: Shortbow          |    76 |   190 |   250 |   104 |       |       ||   620
         Sling             |       |       |       |   307 |   159 |    36 ||   502
   Cast: Frozen Ramparts   |       |       |    15 |    13 |     8 |       ||    36
         Leda's Liquefacti |       |       |     1 |     1 |       |       ||     2
         Flame Wave        |       |       |       |     4 |     1 |       ||     5
         Irradiate         |       |       |       |     8 |    67 |    85 ||   160
         Blink             |       |       |       |       |     1 |       ||     1
 Invoke: Bend Time         |       |       |     1 |       |       |       ||     1
         Slouch            |       |       |       |     3 |     2 |     9 ||    14
         Temporal Distorti |       |       |       |     2 |       |       ||     2
         Step From Time    |       |       |       |       |     3 |     3 ||     6
  Evoke: Wand              |       |       |     6 |     1 |       |     1 ||     8
    Use: Scroll            |     2 |     5 |     5 |     7 |     9 |     7 ||    35
         Potion            |       |       |     3 |     5 |     4 |     7 ||    19
   Stab: Sleeping          |       |       |     3 |       |    31 |    35 ||    69
         Distracted        |       |       |     1 |       |     4 |       ||     5
         Petrifying        |       |       |       |       |       |     1 ||     1
 Armour: Leather armour    |    15 |    40 |   183 |    17 |       |       ||   255
         Acid dragon scale |       |       |       |   204 |   177 |       ||   381
         Skin              |       |       |       |     2 |       |       ||     2
         Scale mail        |       |       |       |       |   255 |   682 ||   937
  Dodge: Dodged            |    13 |    47 |   370 |   414 |   999 |  1326 ||  3169
  Block: Buckler           |       |       |       |       |   313 |   941 ||  1254
